 Dungeon Crawl Stone Soup version 0.32-a0-931-g5a2cda0630 (webtiles) character file.

Game seed: 14856839407882443851

400 Biggs the Cutter (level 6, -1/30 HPs)
             Began as a Vine Stalker Brigand on Apr 14, 2024.
             Slain by a centaur (3 damage)
             ... on level 5 of the Dungeon.
             The game lasted 00:06:35 (1067 turns).

Biggs the Cutter (Vine Stalker Brigand)             Turns: 1067, Time: 00:06:35

Health: -1/30      AC:  3    Str: 13    XL:     6   Next: 84%
Magic:  0/2        EV: 10    Int: 11    God:
Gold:   162        SH:  0    Dex: 18    Spells: 5/5 levels left

rFire   . . .        p - +2 rapier (antimagic)
rCold   . . .        (no shield)
rNeg    . . .        b - +0 robe
rPois   .            (no helmet)
rElec   .            c - +0 cloak
rCorr   .            (no gloves)
SInv    .            (no boots)
Will    .....        l - amulet of regeneration
Stlth   +++          (no ring)
HPRegen 1.85/turn    (no ring)
MPRegen 0.08/turn

%: guardian spirit
@: no status effects
A: fangs 2, regeneration 1, magic shield, antimagic bite, no potion heal 2
a: no special abilities


You were on level 5 of the Dungeon.
You visited 1 branch of the dungeon, and saw 5 of its levels.

You collected 162 gold pieces.

Inventory:

Hand Weapons
 a - a +2 dagger
 p - a +2 antimagic rapier (weapon)
Missiles
 d - 9 poisoned darts (quivered)
 e - 3 curare-tipped darts
Armour
 b - a +0 robe (worn)
 c - a +0 cloak (worn)
Jewellery
 l - an amulet of regeneration (around neck)
Scrolls
 f - 3 scrolls of identify
 g - a scroll of poison
 h - a scroll of silence {unknown}
 j - a scroll of torment {unknown}
 q - a scroll of teleportation {unknown}
Potions
 i - a potion of curing {unknown}
 k - a potion of enlightenment {unknown}
 m - 2 potions of brilliance {unknown}
 n - a potion of berserk rage {unknown}
 o - a potion of heal wounds {unknown}


   Skills:
 - Level 1.7 Fighting
 + Level 6.4 Short Blades
 - Level 1.7 Throwing
 - Level 0.7 Dodging
 - Level 4.8 Stealth


You had 5 spell levels left.
You didn't know any spells.
Your spell library contained the following spells:

 Spells                   Type           Power      Damage    Failure   Level
 Scorch                   Fire           0%         2d5       47%         2
 Call Canine Familiar     Summ           0%         N/A       71%         3
 Sigil of Binding         Hex            0%         N/A       71%         3
 Stone Arrow              Conj/Erth      0%         3d7       71%         3
 Animate Armour           Summ/Erth      0%         N/A       98%         4
 Dimensional Bullseye     Hex/Tloc       0%         N/A       98%         4
 Flame Wave               Conj/Fire      0%         2d4       98%         4
 Summon Cactus Giant      Summ           0%         N/A       100%        6
 Lehudib's Crystal Spear  Conj/Erth      0%         10d2      100%        8


Dungeon Overview and Level Annotations

Branches:
Dungeon (5/15)
 Temple: D:4-7

Altars:
Dithmenos

Shops:
D:4 *


Innate Abilities, Weirdness & Mutations

You have extremely sharp teeth.
Your natural rate of healing is unusually fast.
When hurt, damage is shared between your health and your magic reserves.
Your bite disrupts and absorbs the magic of your enemies.
Potions cannot restore your health.


Message History

The centaur barely misses you. x2
Unknown command.
You hit the centaur. Your bite misses the centaur.
The centaur is moderately wounded.
The centaur closely misses you. The centaur kicks you.
* * * LOW HITPOINT WARNING * * *
Unknown command.
You hit the centaur.
The centaur is severely wounded.
The centaur hits you.
* * * LOW HITPOINT WARNING * * *
The centaur kicks you.
* * * LOW HITPOINT WARNING * * *
Unknown command.
You barely miss the centaur.
The centaur is severely wounded.
The centaur barely misses you. The centaur closely misses you.
Unknown command.
You hit the centaur but do no damage. Your bite misses the centaur.
The centaur is severely wounded.
The centaur hits you.
* * * LOW HITPOINT WARNING * * *
The centaur misses you. The centaur barely misses you. The centaur kicks you.
* * * LOW HITPOINT WARNING * * *
Unknown command.
Unknown command.
You hit the centaur but do no damage. You bite the centaur.
You drain its power.
You feel invigorated.
The centaur is severely wounded.
The centaur hits you but does no damage.
The centaur barely misses you.
Unknown command.
Unknown command.
You barely miss the centaur.
The centaur is severely wounded.
The centaur hits you.
* * * LOW HITPOINT WARNING * * *
The centaur kicks you but does no damage.
The centaur hits you.
You die...

#...########## #
#......#.....# #
#......#.....# #
+......'.....#
###......#.....#
.........+.######
#........###....##
#.....#####....c.##
#...#.####..#$$#@.+
#...#....'..c##$..#
#...####.'..$##$..#
#...# ###..#$$#..#
#...# ##......## #
##...)## # ###### #
#


You could see a centaur.

Vanquished Creatures
  Eustachio (D:5)
  A phantom (D:5)
  A bombardier beetle (D:4)
  2 hounds (D:4)
  An orc priest (D:4)
  2 orc wizards (D:4)
  11 orcs
  3 endoplasms (D:1)
  7 hobgoblins
  3 jackals (D:3)
  3 quokkas
  4 ball pythons (D:3)
  4 bats
  3 goblins
  3 kobolds
  6 rats
55 creatures vanquished.

Notes
Turn   | Place    | Note
-------+----------+-------------------------------------------
     0 | D:1      | Biggs the Vine Stalker Brigand began the quest for the Orb.
     0 | D:1      | Reached XP level 1. HP: 11/11 MP: 2/2
    18 | D:1      | Reached skill level 2 in Short Blades
   148 | D:1      | Reached XP level 2. HP: 15/15 MP: 1/3
   402 | D:3      | Reached skill level 3 in Short Blades
   407 | D:3      | Reached XP level 3. HP: 18/18 MP: 4/4
   409 | D:3      | Found a shadowy altar of Dithmenos.
   715 | D:4      | Reached skill level 4 in Short Blades
   715 | D:4      | Reached XP level 4. HP: 11/23 MP: 3/5
   796 | D:4      | Reached XP level 5. HP: 13/26 MP: 1/6
   827 | D:4      | Reached skill level 5 in Short Blades
   870 | D:4      | Found Gyarph's General Store.
   929 | D:4      | Reached XP level 6. HP: 30/30 MP: 7/7
   986 | D:5      | Entered Level 5 of the Dungeon
   986 | D:5      | Noticed Eustachio
   992 | D:5      | Killed Eustachio
   993 | D:5      | Reached skill level 6 in Short Blades
  1063 | D:5      | HP: 1/30 [centaur (2)]
  1067 | D:5      | Slain by a centaur

Illustrated notes

Levels and vault maps discovered:
D:1:      eino_arrival_tree_alley, layout_basic, minmay_lizard_pond
D:2:      layout_basic, basic_altar, hangedman_feature_mirror
D:3:      layout_basic, mainiacjoe_overflow_six_doors_small
D:4:      layout_basic, serial_shops, shop, minmay_misc_feat_plants, hex_tiny
D:5:      minmay_polygon_palace, layout_basic, uniq_eustachio

Skill      XL: |  1  2  3  4  5  6 |
---------------+-------------------+-----
Short Blades   | 2 3 4 5 6 |  6.4
Fighting       | |  1.7
Throwing       | |  1.7
Dodging        | |  0.7
Stealth        | |  4.8

Action                     |  1- 3 |  4- 6 || total
---------------------------+-------+-------++-------
  Melee: Dagger            |    90 |    60 ||   150
         Bite              |    14 |    13 ||    27
         Rapier            |       |    16 ||    16
    Use: Scroll            |       |     1 ||     1
   Stab: Sleeping          |    18 |     3 ||    21
 Armour: Robe              |    37 |    64 ||   101
  Dodge: Dodged            |    42 |    32 ||    74

Table legend: (Time is in decaauts)
 A = Elapsed time spent in this place.
 B = Non-inter-level travel time spent in this place.
 C = Inter-level travel time spent in this place.
 D = Time resting spent in this place.
 E = Time spent auto-exploring this place.
 F = Levels seen in this place.
 G = Mean time per level.
                   A        B        C        D        E       F      G
               +--------+--------+--------+--------+--------+-----+--------+
         Total |   1035 |   1035 |      0 |      0 |      4 |   5 |  207.0 |
       Dungeon |   1035 |   1035 |      0 |      0 |      4 |   5 |  207.0 |
               +--------+--------+--------+--------+--------+-----+--------+

Top non-repeatable levels by time:
     D:4: 361 daAuts
     D:1: 254 daAuts
     D:3: 203 daAuts
     D:2: 139 daAuts
     D:5: 77 daAuts
